 Dungeon Crawl Stone Soup version 0.31-a0-319-g4fced400ed (webtiles) character file.

Game seed: 7319026133138725395

3565 Monkooky the Prestidigitator (level 10, -5/60 HPs)
             Began as a Kobold Shapeshifter on July 17, 2023.
             Was a Priest of Uskayaw.
             Slain by a +4 spectral quarterstaff (7 damage)
             ... created by Joseph
             ... on level 7 of the Dungeon.
             The game lasted 00:16:06 (7028 turns).

Monkooky the Prestidigitator (Kobold Shapeshifter)  Turns: 7028, Time: 00:16:07

Health: -5/60      AC: 11    Str: 16    XL:     10   Next: 30%
Magic:  13/13      EV: 15    Int:  9    God:    Uskayaw [***...]
Gold:   263        SH:  0    Dex: 17    Spells: 9/9 levels left

rFire   . . .        n - +16 consecrated labrys {holy, Valiant Fragile Fly SInv}
rCold   . . .        (shield currently unavailable)
rNeg    . . .        I - +0 swamp dragon scales
rPois   +            E - +0 helmet
rElec   .            G - +0 cloak
rCorr   .            (no gloves)
SInv    +            H - +1 pair of boots
Will    .....        (no amulet)
Stlth   ++           g - ring of poison resistance
HPRegen 0.30/turn    (no ring)
MPRegen 0.13/turn

%: no passive effects
@: flying
A: small, no large weapons, nightstalker 3
a: Renounce Religion, Stomp, Line Pass


You were on level 7 of the Dungeon.
You worshipped Uskayaw.
Uskayaw was noncommittal.
You visited 1 branch of the dungeon, and saw 7 of its levels.

You collected 378 gold pieces.
You spent 115 gold pieces at shops.

Inventory:

Hand Weapons
 e - a +0 dagger
 j - a +0 short sword
 n - the +16 consecrated labrys (weapon) {holy, Valiant Fragile Fly SInv}
   (You found it on level 2 of the Dungeon)

   Valiant:   It becomes more powerful as more dangerous foes come into view.
   SInv:      It lets you see invisible.
   Fly:       It grants you flight.
   Fragile:   It will be destroyed if unequipped.
Armour
 a - a +0 animal skin
 b - a scarf of resistance
 f - a +0 ring mail
 o - a +2 kite shield
 u - a +0 pair of boots
 E - a +0 helmet (worn)
 G - a +0 cloak (worn)
 H - a +1 pair of boots (worn)
 I - +0 swamp dragon scales (worn)
Jewellery
 g - a ring of poison resistance (left hand)
 s - a +6 ring of intelligence
Talismans
 c - a beast talisman
Wands
 l - a wand of flame (37)
 x - a wand of light (3)
 B - a wand of charming (13)
 F - a wand of iceblast (15)
Scrolls
 d - 3 scrolls of teleportation
 h - a scroll of poison
 i - a scroll of enchant armour
 p - a scroll of fog
 y - a scroll of blinking
 A - 2 scrolls of revelation
 D - a scroll of amnesia {unknown}
 J - a scroll of noise {unknown}
 K - a scroll of identify
 M - 2 scrolls of brand weapon {unknown}
Potions
 k - 2 potions of magic {unknown}
 m - 2 potions of curing
 q - 3 potions of enlightenment {unknown}
 r - 2 potions of attraction {unknown}
 t - 2 potions of berserk rage {unknown}
 v - a potion of invisibility {unknown}
 w - 2 potions of mutation {unknown}
 z - a potion of heal wounds {unknown}
 C - 2 potions of degeneration {unknown}
 L - a potion of ambrosia {unknown}


   Skills:
 + Level 6.1 Fighting
 - Level 3.7 Short Blades
 * Level 5.9 Axes
 + Level 5.5 Dodging
 - Level 2.0 Unarmed Combat
 - Level 4.8 Invocations
 - Level 10.0 Evocations
 - Level 3.0 Shapeshifting


You had 9 spell levels left.
You didn't know any spells.
Your spell library contained the following spells:

 Spells                   Type           Power      Damage    Failure   Level
 Foxfire                  Conj/Fire      0%         2x1d4     61%         1
 Plasma Beam              Fire/Air       0%         2x1d10    100%        6
 Starburst                Conj/Fire      0%         6d3       100%        6


Dungeon Overview and Level Annotations

Branches:
Dungeon (7/15)             Temple (0/1) D:5

Altars:
Elyvilon
Kikubaaqudgha
Uskayaw
Vehumet
Xom
Yredelemnul

Shops:
D:1 =   D:3 :   D:4 *

Annotations:
D:1 exclusion: downstairs
D:6 1 runed translucent door
D:7 Dowan, Joseph


Innate Abilities, Weirdness & Mutations

You are small and have problems with some larger weapons.
You are completely attuned to the shadows.


Message History

Dowan blinks!
You hear an angry growl.
A black bear comes into view.
The black bear growls angrily.
Joseph unwields a +0 sling.
Joseph wields a +4 spectral quarterstaff.
Joseph hits you with a +4 spectral quarterstaff!
The +4 spectral quarterstaff hits you.
The black bear moves out of view.
A +4 spectral quarterstaff comes into view.
Things that are here:
a +0 short sword; a +3 scale mail of cold resistance; the elf corpse of Duvessa You slice Joseph!!
Joseph is moderately wounded.
You slash the +4 spectral quarterstaff!
Joseph shares his spectral weapon's damage!
Dowan casts a spell.
Dowan blinks!
The +4 spectral quarterstaff misses you.
Joseph hits you with a +4 spectral quarterstaff!
The +4 spectral quarterstaff misses you.
Uskayaw will force your foes to helplessly watch your dance.
Uskayaw prepares the audience for your solo!
The helpless Joseph fails to defend himself.
You slash Joseph!
Joseph is severely wounded.
You hit the +4 spectral quarterstaff.
Joseph shares his spectral weapon's damage!
The +4 spectral quarterstaff is no longer paralysed.
Joseph is no longer paralysed.
The black bear is no longer paralysed.
Joseph hits you but does no damage. The +4 spectral quarterstaff hits you.
A jelly comes into view.
You hit Joseph but do no damage.
Joseph is severely wounded.
You miss the +4 spectral quarterstaff.
Dowan is no longer paralysed.
Joseph hits you but does no damage. The +4 spectral quarterstaff hits you!
* * * LOW HITPOINT WARNING * * *
Joseph hits you with a +4 spectral quarterstaff!
* * * LOW HITPOINT WARNING * * *
The +4 spectral quarterstaff hits you!
You die...

######
.....#########
.........>...#
..e(@h.#####.#
..##@### #.#
##.# #.# #..#
#.##### #.##
#####.....#
#.#
#......##.#
#.#
#.####.##(#
#.#
#.#..#.##.#
#.#
#.#<....#.#
###.#
#.#######.#


You could see Joseph, a black bear, a +4 spectral quarterstaff and Dowan (fast).

Vanquished Creatures
  Pikel (D:7)
  Maggie (D:6)
  A steam dragon (D:7)
  Menkaure (D:6)
  A water moccasin (D:7)
  Duvessa (D:7)
  2 orc warriors (D:7)
  A sky beast (D:6)
  2 black bears
  A lemure (D:7)
  2 phantoms
  A kobold brigand (D:7)
  2 bullfrogs (D:7)
  2 scorpions (D:5)
  5 wights (D:7)
  3 killer bees (D:7)
  A howler monkey (D:7)
  7 hounds
  A human zombie (D:6)
  4 orc priests
  Crazy Yiuf (D:5)
  A sleepcap (D:6)
  6 orc wizards
  4 iguanas
  8 gnolls
  7 adders
  2 shadow imps
  A white imp (D:7)
  3 worms
  2 dart slugs
  28 orcs
  6 bats
  5 endoplasms
  3 giant cockroaches
  12 goblins
  12 hobgoblins
  3 jackals
  11 kobolds
  8 ball pythons
  6 frilled lizards
  A goblin zombie (D:6)
  7 rats
177 creatures vanquished.

Notes
Turn   | Place    | Note
-------+----------+-------------------------------------------
     0 | D:1      | Monkooky the Kobold Shapeshifter began the quest for the
                  | Orb.
     0 | D:1      | Reached XP level 1. HP: 12/12 MP: 1/1
    43 | D:1      | Found a faded altar of an unknown god.
    58 | D:1      | Prayed at the altar of an unknown god.
    58 | D:1      | Became a worshipper of Uskayaw the Reveller
    58 | D:1      | Reached * piety under Uskayaw
    62 | D:1      | Reached ** piety under Uskayaw
    76 | D:1      | Reached skill level 1 in Short Blades
    76 | D:1      | Reached XP level 2. HP: 18/18 MP: 2/2
   329 | D:1      | Found Vequipah's Jewellery Boutique.
   361 | D:1      | Reached XP level 3. HP: 13/22 MP: 3/3
  1029 | D:2      | Found a shimmering altar of Xom.
  1246 | D:2      | Reached *** piety under Uskayaw
  1249 | D:2      | Found the +4 consecrated labrys {holy, Valiant Fragile Fly
                  | SInv}
  1390 | D:2      | Reached XP level 4. HP: 24/27 MP: 4/4
  1553 | D:2      | Reached skill level 1 in Axes
  1823 | D:3      | Reached XP level 5. HP: 22/31 MP: 5/5
  2086 | D:3      | Found Muwkequt's Book Boutique.
  2386 | D:3      | Reached skill level 1 in Invocations
  2392 | D:3      | Reached XP level 6. HP: 7/36 MP: 2/7
  2865 | D:4      | Noticed a black bear
  2875 | D:4      | Killed a black bear
  2876 | D:4      | Reached XP level 7. HP: 23/40 MP: 4/10
  2990 | D:4      | You are sucked into a shaft and drop 2 floors!
  2996 | D:6      | Noticed Maggie
  3042 | D:5      | Entered Level 5 of the Dungeon
  3358 | D:4      | Found Pisiekh's General Store.
  3366 | D:4      | Bought a potion of curing for 33 gold pieces
  3366 | D:4      | Bought a scroll of revelation for 82 gold pieces
  3391 | D:4      | Found a radiant altar of Vehumet.
  3391 | D:4      | Found an ancient bone altar of Kikubaaqudgha.
  3735 | D:5      | Found a staircase to the Ecumenical Temple.
  3883 | D:5      | Found a white marble altar of Elyvilon.
  3905 | D:5      | Reached XP level 8. HP: 30/48 MP: 11/11
  4593 | D:5      | Found a runed translucent door.
  4596 | D:5      | Noticed Crazy Yiuf
  4601 | D:5      | Killed Crazy Yiuf
  4954 | D:6      | Killed Maggie
  4955 | D:6      | Reached skill level 4 in Evocations
  5124 | D:6      | Reached skill level 5 in Evocations
  5180 | D:6      | Reached skill level 6 in Evocations
  5180 | D:6      | Reached XP level 9. HP: 48/53 MP: 12/12
  5218 | D:6      | Noticed Menkaure
  5221 | D:6      | Killed Menkaure
  5271 | D:6      | Reached skill level 7 in Evocations
  5733 | D:6      | Found a runed translucent door.
  5749 | D:6      | Found a basalt altar of Yredelemnul.
  6122 | D:7      | Reached skill level 8 in Evocations
  6256 | D:7      | Reached skill level 9 in Evocations
  6258 | D:7      | Reached **** piety under Uskayaw
  6261 | D:7      | Reached ***** piety under Uskayaw
  6315 | D:7      | Reached skill level 10 in Evocations
  6467 | D:7      | Reached skill level 5 in Fighting
  6703 | D:7      | Reached XP level 10. HP: 44/59 MP: 13/13
  6710 | D:7      | Reached skill level 5 in Axes
  6713 | D:7      | Noticed Pikel
  6723 | D:7      | Killed Pikel
  6724 | D:7      | Reached skill level 5 in Dodging
  7013 | D:7      | Noticed Joseph
  7014 | D:7      | Noticed Duvessa
  7022 | D:7      | Noticed Dowan
  7024 | D:7      | Killed Duvessa
  7028 | D:7      | HP: 2/60 [Joseph/+4 spectral quarterstaff (9)]
  7028 | D:7      | Slain by a +4 spectral quarterstaff

Illustrated notes

Levels and vault maps discovered:
D:1:      dpeg_arrival_long_road, layout_loops_ring,
          hellmonk_ecumenical_altar_arch_garden, serial_shops, shop
D:2:      layout_basic, basic_altar, minmay_diced_spiral
D:3:      layout_basic, serial_shops, shop
D:4:      layout_rooms, gammafunk_temple_overflow_statue, serial_shops,
          nicolae_shop_advertising_works [nicolae_subvault_shop_adworks],
          minmay_goblin_outpost
D:5:      layout_gridville, elyvilon_altar_1, minmay_temple_entry_proselytizer,
          uniq_crazy_yiuf_cottage
D:6:      layout_basic, dk_yredelemnul_ordeal, nicolae_hexahallways,
          nicolae_zen_rock_garden, uniq_menkaure, uniq_maggie
D:7:      layout_basic, grunt_ministairs_13, minmay_misc_feat_tiny, uniq_pikel,
          uniq_duvessa, uniq_joseph

Skill      XL: |  1  2  3  4  5  6  7  8  9 10 |
---------------+-------------------------------+-----
Short Blades   | 1 2 3 |  3.7
Axes           | 2 3 4 5 |  5.9
Invocations    | 1 4 |  4.8
Fighting       | 4 5 6 |  6.1
Dodging        | 3 4 5 |  5.5
Evocations     | 6 10 | 10.0
Unarmed Combat | |  2.0
Shapeshifting  | |  3.0

Action                     |  1- 3 |  4- 6 |  7- 9 | 10-12 || total
---------------------------+-------+-------+-------+-------++-------
  Melee: Unarmed           |    12 |       |       |       ||    12
         Dagger            |    53 |       |       |       ||    53
         Short sword       |    48 |       |       |       ||    48
         Labrys            |     4 |    77 |   211 |    23 ||   315
 Invoke: Stomp             |       |     1 |     5 |     4 ||    10
         Line Pass         |       |     1 |       |       ||     1
  Evoke: Wand              |       |       |     2 |       ||     2
    Use: Scroll            |       |       |     5 |       ||     5
         Potion            |       |       |     2 |       ||     2
   Stab: Sleeping          |     4 |     5 |     3 |       ||    12
         Distracted        |     1 |     1 |       |       ||     2
         Paralysed         |     2 |     3 |    12 |     1 ||    18
 Armour: Animal skin       |     1 |       |       |       ||     1
         Ring mail         |    27 |    16 |    26 |       ||    69
         Swamp dragon scal |       |       |    57 |    12 ||    69
         Skin              |       |       |     9 |       ||     9
  Dodge: Dodged            |    76 |    72 |   161 |    24 ||   333
         Form:             |       |       |     1 |       ||     1

Table legend: (Time is in decaauts)
 A = Elapsed time spent in this place.
 B = Non-inter-level travel time spent in this place.
 C = Inter-level travel time spent in this place.
 D = Time resting spent in this place.
 E = Time spent auto-exploring this place.
 F = Levels seen in this place.
 G = Mean time per level.
                   A        B        C        D        E       F      G
               +--------+--------+--------+--------+--------+-----+--------+
         Total |   7148 |   6907 |    241 |    429 |   5168 |   7 | 1021.1 |
       Dungeon |   7148 |   6907 |    241 |    429 |   5168 |   7 | 1021.1 |
               +--------+--------+--------+--------+--------+-----+--------+

Top non-repeatable levels by time:
     D:6: 1402 daAuts
     D:5: 1211 daAuts
     D:1: 959 daAuts
     D:7: 945 daAuts
     D:2: 945 daAuts
     D:3: 921 daAuts
     D:4: 763 daAuts
